MLB
MONTREAL EXPOS @ TORONTO BLUE JAYS
08/22/2047
 
TOP OF THE 1ST
Montreal Expos batting - Pitching for Toronto Blue Jays : LHP Spencer Jones
Pitching: LHP Spencer Jones
Batting: RHB Robby Juarez 0-0: Ball
1-0: Ball
2-0: Foul Ball, location: 2F
2-1: Called Strike
2-2: Ball
3-2: Fly out, F8 (Flyball, 8LXD, EV 97.5 MPH)
Batting: RHB C.J. Beavers 0-0: Called Strike
0-1: Swinging Strike
0-2: Fly out, F8 (Flyball, 8LD, EV 104.4 MPH)
Batting: RHB Mike Salmon 0-0: Swinging Strike
0-1: Ball
1-1: Swinging Strike
1-2: Foul Ball, location: 2F
1-2: Ball
2-2: Strikes out swinging
Top of the 1st over - 0 runs, 0 hits, 0 errors, 0 left on base; Montreal 0 - Toronto 0
BOTTOM OF THE 1ST
Toronto Blue Jays batting - Pitching for Montreal Expos : RHP Cheng-ho Hsu
Pitching: RHP Cheng-ho Hsu
Batting: SHB Matt Altieri 0-0: Called Strike
0-1: Foul Ball, location: 2F
0-2: Ball
1-2: SOLO HOME RUN (Flyball, 7D, EV 98.8 MPH), Distance : 381 ft
Batting: SHB Zory Larikov 0-0: Ball
1-0: Ball
2-0: Ball
3-0: Base on Balls
Batting: LHB Michael Byrd 0-0: Called Strike
0-1: Foul Ball, location: 2F
0-2: Foul Ball, location: 2F
0-2: Ball
1-2: Ball
2-2: Ball
3-2: Foul Ball, location: 2F
3-2: Foul Ball, location: 2F
3-2: TRIPLE (Flyball, 78XD, EV 103.8 MPH)
Zory Larikov scores
Batting: RHB David Casas 0-0: Called Strike
0-1: Ball
1-1: Foul Ball, location: 2F
1-2: Ball
2-2: Ball
3-2: Fly out, F2 (Popup, 23F, EV 78.1 MPH)
Batting: LHB Jon Schick 0-0: Ball
1-0: Called Strike
1-1: Ball
2-1: Ball
3-1: Base on Balls
Batting: RHB Donny Burnside 0-0: Ball
1-0: Foul Ball, location: 2F
1-1: Grounds into double play, 4-6-3 (Groundball, 34, EV 79.4 MPH)
Bottom of the 1st over - 2 runs, 2 hits, 0 errors, 1 left on base; Montreal 0 - Toronto 2
TOP OF THE 2ND
Montreal Expos batting - Pitching for Toronto Blue Jays : LHP Spencer Jones
Batting: LHB Austin Ohmer 0-0: Swinging Strike
0-1: Swinging Strike
0-2: Ball
1-2: Foul Ball, location: 2F
1-2: SINGLE (Groundball, 56S, EV 68.1 MPH) (infield hit)
Batting: RHB Steve French 0-0: Ball
1-0: Fly out, F8 (Flyball, 8LM, EV 75.0 MPH)
Batting: RHB John Ham 0-0: Ball
1-0: Ball
Wild Pitch!
Austin Ohmer to second
2-0: DOUBLE (Flyball, 8RXD, EV 108.8 MPH)
Austin Ohmer scores
Batting: RHB Eugênio Asceno 0-0: Called Strike
0-1: Ball
1-1: Ball
2-1: Ball
3-1: Fly out, F8 (Flyball, 8LM, EV 83.1 MPH)
Batting: RHB Tommy Mize 0-0: Ball
1-0: Ball
2-0: Foul Ball, location: 2F
2-1: Ball
3-1: Foul Ball, location: 2F
3-2: Strikes out looking
Top of the 2nd over - 1 run, 2 hits, 0 errors, 1 left on base; Montreal 1 - Toronto 2
BOTTOM OF THE 2ND
Toronto Blue Jays batting - Pitching for Montreal Expos : RHP Cheng-ho Hsu
Batting: RHB Danny Burnside 0-0: Called Strike
0-1: Ball
1-1: Swinging Strike
1-2: Foul Ball, location: 2F
1-2: Strikes out swinging
Batting: LHB Nate Dean 0-0: Swinging Strike
0-1: Ball
1-1: Ball
2-1: Called Strike
2-2: Strikes out swinging
Batting: RHB Kirk Arp 0-0: Swinging Strike
0-1: SOLO HOME RUN (Flyball, 89XD, EV 98.1 MPH), Distance : 403 ft
Batting: SHB Matt Altieri 0-0: Ball
1-0: Ball
2-0: Ball
3-0: Called Strike
3-1: Called Strike
3-2: DOUBLE (Line Drive, 89D, EV 110.0 MPH)
Batting: SHB Zory Larikov 0-0: SINGLE (Line Drive, 56D, EV 95.0 MPH)
Matt Altieri to third
Runner from 3rd tries for Home, SAFE, throw by LF to home
Batting: LHB Michael Byrd 0-0: Ball
1-0: Ball
2-0: Ball
3-0: Base on Balls
Zory Larikov to second
Batting: RHB David Casas 0-0: Ball
1-0: Called Strike
1-1: Ground out 3-1 (Groundball, 34, EV 83.8 MPH)
Bottom of the 2nd over - 2 runs, 3 hits, 0 errors, 2 left on base; Montreal 1 - Toronto 4
TOP OF THE 3RD
Montreal Expos batting - Pitching for Toronto Blue Jays : LHP Spencer Jones
Batting: RHB Danny Diaz 0-0: Reached on error, E4 (Groundball, 34, EV 100.6 MPH)
Batting: RHB Robby Juarez 0-0: 2-RUN HOME RUN (Flyball, 7D, EV 96.2 MPH), Distance : 368 ft
Batting: RHB C.J. Beavers 0-0: Called Strike
0-1: Called Strike
0-2: SINGLE (Groundball, 56D, EV 101.9 MPH)
Batting: RHB Mike Salmon 0-0: Ball
1-0: Ball
2-0: Foul Ball, location: 2F
2-1: Ball
3-1: Called Strike
3-2: Fly out, F8 (Flyball, 8LM, EV 94.4 MPH)
Batting: LHB Austin Ohmer 0-0: Ball
1-0: Ball
2-0: Swinging Strike
2-1: Fly out, F7 (Flyball, 7, EV 88.8 MPH)
Batting: RHB Steve French 0-0: Ball
1-0: Fly out, F9 (Flyball, 89M, EV 78.8 MPH)
Top of the 3rd over - 2 runs, 2 hits, 1 error, 1 left on base; Montreal 3 - Toronto 4
BOTTOM OF THE 3RD
Toronto Blue Jays batting - Pitching for Montreal Expos : RHP Cheng-ho Hsu
Batting: LHB Jon Schick 0-0: Ground out 4-3 (Groundball, 4, EV 103.1 MPH)
Batting: RHB Donny Burnside 0-0: Called Strike
0-1: Fly out, F8 (Flyball, 8RS, EV 93.8 MPH)
Batting: RHB Danny Burnside 0-0: Ball
1-0: Ball
2-0: Foul Ball, location: 2F
2-1: Ball
3-1: Foul Ball, location: 2F
3-2: Strikes out swinging
Bottom of the 3rd over - 0 runs, 0 hits, 0 errors, 0 left on base; Montreal 3 - Toronto 4
TOP OF THE 4TH
Montreal Expos batting - Pitching for Toronto Blue Jays : LHP Spencer Jones
Batting: RHB John Ham 0-0: Ball
1-0: Called Strike
1-1: Ball
2-1: SOLO HOME RUN (Line Drive, 7LD, EV 96.2 MPH), Distance : 358 ft
Batting: RHB Eugênio Asceno 0-0: Called Strike
0-1: Foul Ball, location: 2F
0-2: Strikes out swinging
Batting: RHB Tommy Mize 0-0: Ball
1-0: SINGLE (Line Drive, 8RS, EV 91.2 MPH)
Batting: RHB Danny Diaz 0-0: Called Strike
0-1: Foul Ball, location: 2F
0-2: Strikes out swinging
Batting: RHB Robby Juarez 0-0: SINGLE (Groundball, 6S, EV 75.6 MPH) (infield hit)
Tommy Mize to second
Batting: RHB C.J. Beavers 0-0: Called Strike
0-1: Ball
1-1: Ball
2-1: Ball
3-1: Base on Balls
Tommy Mize to third
Robby Juarez to second
Batting: RHB Mike Salmon 0-0: Ball
1-0: DOUBLE (Line Drive, 7LS, EV 108.1 MPH)
Tommy Mize scores
Robby Juarez scores
C.J. Beavers to third
Pitching: RHP Bobby Wright
Batting: LHB Austin Ohmer 0-0: Called Strike
0-1: Swinging Strike
0-2: Ball
1-2: Strikes out swinging
Top of the 4th over - 3 runs, 4 hits, 0 errors, 2 left on base; Montreal 6 - Toronto 4
BOTTOM OF THE 4TH
Toronto Blue Jays batting - Pitching for Montreal Expos : RHP Cheng-ho Hsu
Batting: LHB Nate Dean 0-0: Called Strike
0-1: Ball
1-1: Ball
2-1: Ball
3-1: Foul Ball, location: 2F
3-2: Ground out 5-3 (Groundball, 56, EV 86.2 MPH)
Batting: RHB Kirk Arp 0-0: Called Strike
0-1: Called Strike
0-2: Ball
1-2: Foul Ball, location: 2F
1-2: Ball
2-2: Foul Ball, location: 2F
2-2: Ball
3-2: Fly out, F3 (Popup, 3, EV 81.2 MPH)
Batting: SHB Matt Altieri 0-0: Ball
1-0: Swinging Strike
1-1: Called Strike
1-2: Strikes out swinging
Bottom of the 4th over - 0 runs, 0 hits, 0 errors, 0 left on base; Montreal 6 - Toronto 4
TOP OF THE 5TH
Montreal Expos batting - Pitching for Toronto Blue Jays : RHP Bobby Wright
Batting: RHB Steve French 0-0: Ball
1-0: SINGLE (Flyball, 9S, EV 86.9 MPH)
Batting: RHB John Ham 0-0: Foul Ball, location: 2F
0-1: Foul Ball, location: 2F
0-2: Strikes out looking
Batting: RHB Eugênio Asceno 0-0: Foul Ball, location: 2F
0-1: Ball
1-1: Ball
2-1: SINGLE (Groundball, 6D, EV 108.8 MPH)
Steve French to second
Batting: RHB Tommy Mize 0-0: Fly out, F2 (Popup, 2RF, EV 93.8 MPH)
Batting: RHB Danny Diaz 0-0: Foul Ball, location: 2F
0-1: Ball
1-1: Ground out 6-3 (Groundball, 6M, EV 93.8 MPH)
Top of the 5th over - 0 runs, 2 hits, 0 errors, 2 left on base; Montreal 6 - Toronto 4
BOTTOM OF THE 5TH
Toronto Blue Jays batting - Pitching for Montreal Expos : RHP Cheng-ho Hsu
Batting: SHB Zory Larikov 0-0: Called Strike
0-1: Fly out, F7 (Flyball, 7LSF, EV 83.1 MPH)
Batting: LHB Michael Byrd 0-0: Ball
1-0: Ball
2-0: Called Strike
2-1: Called Strike
2-2: Ball
3-2: Base on Balls
Batting: RHB David Casas 0-0: Ball
1-0: Ball
2-0: Called Strike
2-1: Foul Ball, location: 2F
2-2: Strikes out swinging
Batting: LHB Jon Schick 0-0: Called Strike
Michael Byrd steals 2nd base
0-1: Ball
1-1: Ball
2-1: Called Strike
2-2: Strikes out swinging
Bottom of the 5th over - 0 runs, 0 hits, 0 errors, 1 left on base; Montreal 6 - Toronto 4
TOP OF THE 6TH
Montreal Expos batting - Pitching for Toronto Blue Jays : RHP Bobby Wright
Batting: RHB Robby Juarez 0-0: Ball
1-0: Ball
2-0: Ball
3-0: Base on Balls
Batting: RHB C.J. Beavers 0-0: Ball
1-0: Swinging Strike
1-1: Ball
2-1: Swinging Strike
2-2: Foul Ball, location: 2F
2-2: Hit by Pitch
Robby Juarez to second
Batting: RHB Mike Salmon 0-0: Called Strike
0-1: Swinging Strike
0-2: Foul Ball, location: 2F
0-2: Foul Ball, location: 2F
0-2: Grounds into double play, 6-4-3 (Groundball, 6, EV 82.5 MPH)
Robby Juarez to third
Batting: LHB Austin Ohmer 0-0: Ball
1-0: Foul Ball, location: 2F
1-1: Ball
2-1: Swinging Strike
2-2: Foul Ball, location: 2F
2-2: Strikes out looking
Top of the 6th over - 0 runs, 0 hits, 0 errors, 1 left on base; Montreal 6 - Toronto 4
BOTTOM OF THE 6TH
Toronto Blue Jays batting - Pitching for Montreal Expos : RHP Cheng-ho Hsu
Pitching: LHP Kyle Schlosschlonghair
Batting: RHB Donny Burnside 0-0: Ball
1-0: Swinging Strike
1-1: Foul Ball, location: 2F
1-2: Ball
2-2: Ball
3-2: Base on Balls
Batting: RHB Danny Burnside 0-0: Ball
1-0: Sac Bunt to 5S - play at first, batter OUT! 5-3
Donny Burnside to second
Batting: LHB Nate Dean 0-0: Ball
1-0: Called Strike
1-1: Swinging Strike
1-2: Ball
2-2: Ball
3-2: Strikes out swinging
Batting: RHB Kirk Arp 0-0: Swinging Strike
0-1: Foul Ball, location: 2F
0-2: Hit by Pitch
Batting: SHB Matt Altieri 0-0: Ball
Wild Pitch!
Donny Burnside to third
Kirk Arp to second
1-0: Foul Ball, location: 2F
1-1: Ball
2-1: Foul Ball, location: 2F
2-2: Ball
3-2: Foul Ball, location: 2F
3-2: Strikes out looking
Bottom of the 6th over - 0 runs, 0 hits, 0 errors, 2 left on base; Montreal 6 - Toronto 4
TOP OF THE 7TH
Montreal Expos batting - Pitching for Toronto Blue Jays : RHP Bobby Wright
Batting: RHB Steve French 0-0: Fly out, F8 (Flyball, 8LD, EV 92.5 MPH)
Batting: RHB John Ham 0-0: Foul Ball, location: 2F
0-1: Ground out 4-3 (Groundball, 34D, EV 88.1 MPH)
Batting: RHB Eugênio Asceno 0-0: Ball
1-0: Ball
2-0: Called Strike
2-1: SINGLE (Groundball, 56D, EV 109.4 MPH)
Batting: RHB Tommy Mize 0-0: Called Strike
0-1: Ball
1-1: Fielders Choice at 2nd, 6-4 (Groundball, 6, EV 110.0 MPH)
Top of the 7th over - 0 runs, 1 hit, 0 errors, 1 left on base; Montreal 6 - Toronto 4
BOTTOM OF THE 7TH
Toronto Blue Jays batting - Pitching for Montreal Expos : LHP Kyle Schlosschlonghair
Batting: SHB Zory Larikov 0-0: Foul Ball, location: 2F
0-1: Ball
1-1: Foul Ball, location: 2F
1-2: Strikes out swinging
Batting: LHB Michael Byrd 0-0: Called Strike
0-1: Called Strike
0-2: Foul Ball, location: 2F
0-2: SINGLE (Groundball, 6MD, EV 102.5 MPH)
Batting: RHB David Casas 0-0: Called Strike
0-1: Foul Ball, location: 2F
0-2: Ball
1-2: Strikes out swinging
Batting: LHB Jon Schick 0-0: SINGLE (Groundball, 6D, EV 100.0 MPH)
Michael Byrd to second
Batting: RHB Donny Burnside 0-0: Foul Ball, location: 2F
0-1: Ball
1-1: Foul Ball, location: 2F
1-2: Fielders Choice at 2nd, 6-4 (Groundball, 6, EV 108.8 MPH)
Bottom of the 7th over - 0 runs, 2 hits, 0 errors, 2 left on base; Montreal 6 - Toronto 4
TOP OF THE 8TH
Montreal Expos batting - Pitching for Toronto Blue Jays : RHP Bobby Wright
Pitching: RHP Hoof Harted
Batting: RHB Danny Diaz 0-0: Ball
1-0: Swinging Strike
1-1: Ball
2-1: Fly out, F9 (Line Drive, 89S, EV 103.8 MPH)
Batting: RHB Robby Juarez 0-0: Called Strike
0-1: Ball
1-1: Called Strike
1-2: Ball
2-2: Strikes out looking
Batting: RHB C.J. Beavers 0-0: Called Strike
0-1: Called Strike
0-2: TRIPLE (Flyball, 89XD, EV 108.1 MPH)
Batting: RHB Mike Salmon 0-0: Ball
1-0: Swinging Strike
1-1: Ball
2-1: Ground out 5-3 (Groundball, 5, EV 91.2 MPH)
Top of the 8th over - 0 runs, 1 hit, 0 errors, 1 left on base; Montreal 6 - Toronto 4
BOTTOM OF THE 8TH
Toronto Blue Jays batting - Pitching for Montreal Expos : LHP Kyle Schlosschlonghair
Pitching: RHP Joel Montenegro
Batting: RHB Danny Burnside 0-0: Foul Ball, location: 2F
0-1: Ball
1-1: Called Strike
1-2: Ball
2-2: Foul Ball, location: 2F
2-2: Ball
3-2: Base on Balls
Batting: LHB Nate Dean 0-0: Sac Bunt to 13 - play at first, batter safe!
Danny Burnside to second
Batting: RHB Kirk Arp 0-0: Ball
1-0: Sac Bunt to 15S - play at first, batter OUT! 1-4
Danny Burnside to third
Nate Dean to second
Batting: SHB Matt Altieri 0-0: Called Strike
0-1: 3-RUN HOME RUN (Flyball, 9D, EV 93.8 MPH), Distance : 366 ft
Pitching: RHP Ben Sheets
Batting: SHB Zory Larikov 0-0: Ball
1-0: Swinging Strike
1-1: Foul Ball, location: 2F
1-2: Strikes out looking
Batting: LHB Michael Byrd 0-0: Called Strike
0-1: Swinging Strike
0-2: Ball
1-2: Ball
2-2: Ball
3-2: Foul Ball, location: 2F
3-2: Foul Ball, location: 2F
3-2: Foul Ball, location: 2F
3-2: Foul Ball, location: 2F
3-2: Strikes out swinging
Bottom of the 8th over - 3 runs, 2 hits, 0 errors, 0 left on base; Montreal 6 - Toronto 7
TOP OF THE 9TH
Montreal Expos batting - Pitching for Toronto Blue Jays : RHP Hoof Harted
Now at 2B: Nate Dean
Now at SS: Dylan Novakowski
Batting: LHB Austin Ohmer 0-0: SINGLE (Line Drive, 89D, EV 106.9 MPH)
Batting: RHB Steve French 0-0: Called Strike
0-1: Grounds into double play, 5-4-3 (Groundball, 5, EV 90.0 MPH)
Pinch Hitting: LHB Steve Anderson 0-0: Foul Ball, location: 2F
0-1: Fly out, F9 (Flyball, 89D, EV 98.1 MPH)
Top of the 9th over - 0 runs, 1 hit, 0 errors, 0 left on base; Montreal 6 - Toronto 7
Thursday, December 15th , 2022 - OOTP Baseball 23.9 Build 102